AoeStats
← ZeKAY

Migration

504700228Analyzed
1v1 RM · 27d ago on Sep 6, 2026· 36m 4s· 2 players
Game mode
Random Map
Map size
132×132
Population
200
Speed
Normal
Resources
Standard
Victory
Conquest
Starting age
Dark Age
Ending age
Imperial Age
RankedLock teamsTeams togetherTeam positionsShared explorationLock speedFull tech treeHidden civsTurbo modeCheats
Victory
Defeat
🇰🇷 Malay · South Korea
1004
+16
🇹🇼 Chinese · Taiwan
1000
-48
ZeKAY
11:13 Feudal Age
21:31 Gold Mining
21:33 Stone Mining
21:32 Double-Bit Axe
21:30 Horse Collar
25:16 Castle Age
28:15 Heavy Plow
Lcha
10:46 Feudal Age
10:59 Fishing Lines
17:29 Castle Age
16:04 Double-Bit Axe
17:07 Gillnets
18:15 Bow Saw
18:41 Gold Mining
21:33 Loom
23:39 Town Watch
25:55 Town Patrol
29:04 Imperial Age
27:15 Wheelbarrow
27:18 Fletching
29:41 Siege Engineers
29:57 Ballistics
30:37 Chemistry
29:50 Masonry
31:34 Medium Warships
33:19 Heavy Warships
33:09 Bodkin Arrow
33:27 Forging
33:17 Padded Archer Armor
34:42 Shipwright
34:28 Siege Engineers
34:21 Murder Holes
34:18 Heated Shot
34:45 Careening
34:47 Bracer
35:50 Elite Cannon Galleon
Connection lost

Rejoining the realm…

Still unreachable

The connection could not be restored.

Session expired

The server has moved on; the page needs a fresh start.